 Dungeon Crawl Stone Soup version 0.19.5 (webtiles) character file.

121 tidbits the Slasher (level 4, 1/43 HPs)
             Began as a High Elf Skald on Nov 9, 2017.
             Quit the game on level 4 of the Dungeon.
             The game lasted 00:10:56 (1030 turns).

tidbits the Slasher (High Elf Skald)                Turns: 1030, Time: 00:10:57

Health: 1/43       AC: 22    Str: 12      XL:     4   Next: 76%
Magic:  4/9        EV:  2    Int: 15 (16) God:
Gold:   130        SH:  0    Dex: 14      Spells: 4 memorised, 1 level left

rFire  . . .     SeeInvis .     a - +0 long sword
rCold  . . .     Gourm    .     (armour currently unavailable)
rNeg   + + +     Faith    .     (no shield)
rPois  +         Spirit   .     (helmet currently unavailable)
rElec  .         Reflect  .     (cloak currently unavailable)
rCorr  .         Harm     .     (gloves currently unavailable)
MR     .....     NoTele   +     (boots currently unavailable)
Stlth  +.........               (no amulet)
                                (no ring)
                                W - ring of wizardry

@: lethally poisoned (1 -> -8), exhausted, tree-form, very slightly
contaminated, slowed, very slow
A: no striking features
a: no special abilities


You were on level 4 of the Dungeon.
You were not hungry.
You were a tree.
You visited 1 branch of the dungeon, and saw 5 of its levels.

You collected 130 gold pieces.

Inventory:

Hand Weapons
 a - a +0 long sword (weapon)
   (You found it on level 4 of the Dungeon)
 t - a +0 falchion
Missiles
 e - 70 sling bullets
 l - 20 bolts
 p - 27 arrows
Armour
 b - a +0 leather armour
 B - a +0 ring mail (melded)
   (You found it on level 1 of the Dungeon)
 E - a +0 helmet (melded)
   (You found it on level 4 of the Dungeon)
Jewellery
 q - an uncursed ring of ice
   (You found it on level 2 of the Dungeon)
 W - a ring of wizardry (left branch)
   (You found it on level 1 of the Dungeon)
Wands
 s - a wand of enslavement (8/24)
   (You found it on level 4 of the Dungeon)
Scrolls
 g - a scroll of remove curse {unknown}
 i - a scroll of identify {unknown}
 j - a scroll of blinking {unknown}
 k - a scroll of enchant weapon {unknown}
 o - a scroll of noise {unknown}
Potions
 m - a potion of degeneration
Books
 c - a book of Battle

   Spells                             Type                      Level
   a - Infusion                       Charms                       1
   b - Shroud of Golubria             Charms/Translocation         2
   c - Song of Slaying                Charms                       2
   d - Spectral Weapon                Hexes/Charms                 3
   e - Regeneration                   Charms/Necromancy            3
Comestibles
 d - 3 bread rations
 f - a beef jerky
 h - 2 fruits
 r - a meat ration


   Skills:
 - Level 2.0 Fighting
 + Level 5.5 Long Blades
 - Level 1.0 Armour
 - Level 1.2 Dodging
 - Level 3.1 Spellcasting
 - Level 3.6 Charms


You had one spell level left.
You knew the following spells:

 Your Spells              Type           Power        Failure   Level  Hunger
g - Shroud of Golubria    Chrm/Tloc      #.........   6%          2    ##.....
i - Infusion              Chrm           ##..         2%          1    #......
w - Spectral Weapon       Hex/Chrm       #.......     12%         3    ###....
y - Song of Slaying       Chrm           ##......     4%          2    ##.....


Dungeon Overview and Level Annotations

Branches:
Dungeon (5/15)
 Temple: D:4-7

Altars:


Message History

You barely miss the orc.
The orc is moderately wounded.
Your spectral weapon hits the orc.
The orc barely misses your spectral weapon.
You hit the orc.
You kill the orc!
Things that are here:
a dagger; a leather armour; an orc corpse You butcher the orc corpse.
Items here: % ) [ ÷ a dagger; a leather armour; 4 chunks of flesh; an orc skeleton Eat one of 4 chunks of flesh? (ye/n/q)
You start eating one of the 4 chunks of flesh.
This raw flesh tastes terrible.
Your spectral weapon fades away.
You see here an orange potion.
u - an orange potion Adjust (i)tems, (s)pells, or (a)bilities?
Adjust which item? (? for menu, Esc to quit)
t - a long sword Adjust to which letter? (? for menu, Esc to quit)
a - a long sword;
t - a +0 falchion (weapon)
Wield which item (- for none, * to show all)? (? for menu, Esc to quit)
a - a +0 long sword (weapon)
You see here 9 gold pieces.
You now have 130 gold pieces (gained 9).
Found a stone staircase leading down.
There is a stone staircase leading down here.
You climb downwards.
A worker ant comes into view.
The worker ant twitches its antennae in your direction.
Found 28 gold pieces.
There is a stone staircase leading up here.
Casting: Spectral Weapon
Confirm with . or Enter, or press ? or * to list all spells.
You miscast Spectral Weapon.
You are very lightly contaminated with residual magic.
Nothing appears to happen.
Casting: Spectral Weapon
Confirm with . or Enter, or press ? or * to list all spells.
You draw out your weapon's spirit!
The worker ant bites you.
You are poisoned.
The worker ant poisons you!
You hit the worker ant.
The worker ant is moderately wounded.
You feel sick.
Your spectral weapon hits the worker ant.
The worker ant bites you.
* * * LOW HITPOINT WARNING * * *
You are lethally poisoned!
The worker ant poisons you!
A jackal comes into view.
You closely miss the worker ant.
The worker ant is heavily wounded.
* * * LOW HITPOINT WARNING * * *
You feel sick.
The jackal barks!
Your spectral weapon hits the worker ant.
The worker ant closely misses you. The worker ant bites you.
* * * LOW HITPOINT WARNING * * *
You are more poisoned.
The worker ant poisons you!
A quokka and a jackal come into view.
You hit the worker ant.
The worker ant is severely wounded.
* * * LOW HITPOINT WARNING * * *
You feel sick.
Your spectral weapon hits the worker ant!
You kill the worker ant!
You feel your intelligence returning. 2 jackals come into view.
It was a potion of berserk rage.
A red film seems to cover your vision as you go berserk!
You feel yourself moving faster!
You feel mighty!
* * * LOW HITPOINT WARNING * * *
You feel sick.
The jackal barks!
You are too berserk!
Unknown command.
You feel a strong urge to attack something.
* * * LOW HITPOINT WARNING * * *
You feel sick.
You climb upwards.
Your summoned ally is left behind.
Your spectral weapon fades away.
* * * LOW HITPOINT WARNING * * *
You feel sick.
There is a stone staircase leading down here.
You are too berserk!
You feel your anger subside.
* * * LOW HITPOINT WARNING * * *
You feel sick.
You are no longer berserk.
You are exhausted.
You feel yourself slow down.
It was a potion of lignification.
You turn into a tree.
Your +0 helmet melds into your body.
Your +0 ring mail melds into your body.
Your roots penetrate the ground.
* * * LOW HITPOINT WARNING * * *
You feel sick.
Are you sure you want to abandon this character and quit the game? (Confirm with "yes".)

###.#
#.#[##.#[....#
)...#
#......#######
##### ###.####
#.########
#........# ##
#...####.# ..
#.....##.#.#
....#..#......#
###.#...>.♣.###
#.#.#####.#
#.#.. .# ### ##


There were no monsters in sight!

Vanquished Creatures
  A hound (D:4)
  A worker ant (D:5)
  A gnoll (D:1)
  A worm (D:2)
  3 dart slugs
  2 leopard geckos
  2 orcs (D:4)
  5 bats
  3 giant cockroaches
  2 goblins
  4 hobgoblins
  3 jackals (D:1)
  4 kobolds
  A quokka (D:3)
  A ball python (D:2)
  6 frilled lizards
  5 rats
45 creatures vanquished.

Notes
Turn   | Place    | Note
-------+----------+-------------------------------------------
     0 | D:1      | tidbits the High Elf Skald began the quest for the Orb.
     0 | D:1      | Reached XP level 1. HP: 14/14 MP: 4/4
     6 | D:1      | Reached skill level 1 in Armour
   124 | D:2      | Reached skill level 3 in Spellcasting
   124 | D:2      | Reached XP level 2. HP: 10/19 MP: 0/7
   128 | D:2      | Learned a level 2 spell: Song of Slaying
   131 | D:2      | Learned a level 2 spell: Shroud of Golubria
   237 | D:1      | Reached skill level 3 in Long Blades
   352 | D:3      | Reached XP level 3. HP: 18/24 MP: 6/8
   357 | D:3      | Learned a level 3 spell: Spectral Weapon
   582 | D:3      | Reached skill level 4 in Long Blades
   598 | D:4      | Reached XP level 4. HP: 17/29 MP: 2/9
   644 | D:4      | HP: 1/29 [orc priest/divine providence (12)]
   804 | D:1      | Reached skill level 5 in Long Blades
  1018 | D:5      | Entered Level 5 of the Dungeon
  1026 | D:4      | HP: 4/43 [poisoned by a worker ant]
  1029 | D:4      | HP: 1/43 [poisoned by a worker ant]
  1030 | D:4      | Quit the game

Skill      XL: |  1  2  3  4 |
---------------+-------------+-----
Armour         | 1 |  1.0
Spellcasting   | 3 |  3.1
Long Blades    | 3 4 5 |  5.5
Fighting       | |  2.0
Dodging        | |  1.2
Charms         | |  3.6

Action                   |  1- 3 |  4- 6 || total
-------------------------+-------+-------++-------
Melee: Falchion          |    66 |    34 ||   100
       Long sword        |       |     3 ||     3
 Cast: Infusion          |     7 |       ||     7
       Spectral Weapon   |     5 |     9 ||    14
  Use: Potion            |     3 |     2 ||     5
 Stab: Sleeping          |     2 |       ||     2
  Eat: Chunk             |       |     3 ||     3
Armor: Leather armour    |     1 |       ||     1
       Ring mail         |    14 |    16 ||    30
Dodge: Dodged            |    46 |    13 ||    59
       Rpst.: Falchion   |    17 |     4 ||    21

Table legend:
 A = Turns spent in this place as a percentage of turns spent in the entire game.
 B = Non-inter-level travel turns spent in this place as a percentage of non-inter-level travel turns spent in the entire game.
 C = Inter-level travel turns spent in this place as a percentage of turns spent in this place.
 D = Turns resting spent in this place as a percentage of non-inter-level travel turns spent in this place.
 E = Turns spent auto-exploring this place as a percentage of non-inter-level travel turns spent in this place.
 F = Non-inter-level travel turns spent in this place divided by the number of levels of this place that you've seen.
                   A       B       C       D       E      F
               +-------+-------+-------+-------+-------+----------------------
         Total | 100.0 | 100.0 |   0.0 |   0.0 |   0.0 | 191.0
       Dungeon | 100.0 | 100.0 |   0.0 |   0.0 |   0.0 | 191.0
               +-------+-------+-------+-------+-------+----------------------

Table legend:
 A = Kills in this place as a percentage of kills in entire the game.
 B = Kills by you in this place as a percentage of kills by you in the entire game.
 C = Kills by friends in this place as a percentage of kills by friends in the entire game.
 D = Other kills in this place as a percentage of other kills in the entire game.
 E = Experience gained in this place as a percentage of experience gained in the entire game.
 F = Experience gained in this place divided by the number of levels of this place that you have seen.
                   A       B       C       D       E      F
               +-------+-------+-------+-------+-------+----------------------
         Total | 100.0 | 100.0 |  -nan |  -nan | 100.0 |  34.6
       Dungeon | 100.0 | 100.0 |  -nan |  -nan | 100.0 |  34.6
               +-------+-------+-------+-------+-------+----------------------

Vault maps used:
D:1:      lightli_arrival_chessboard, roderic_bipointed_swastika
D:4:      tgw_xom, first_bread
D:5:      trog_hazing_becter, uniq_sigmund, uniq_grinder, uniq_menkaure
